 Dungeon Crawl Stone Soup version 0.25-a0-502-g6516661a7a (webtiles) character file.

Game seed: 15778199408612398292, levelgen mode: deterministic

4261 sking99 the Grappler (level 10, -3/55 HPs)
             Began as a Vine Stalker Abyssal Knight on Feb 12, 2020.
             Was an Elder of Lugonu.
             Killed from afar by an orc wizard (8 damage)
             ... with a magic dart
             ... on level 8 of the Dungeon.
             The game lasted 00:16:00 (6984 turns).

sking99 the Grappler (Vine Stalker Abyssal Knight)  Turns: 6984, Time: 00:16:00

Health: -3/55      AC: 12    Str: 18    XL:     10   Next: 31%
Magic:  0/16       EV:  5    Int: 12    God:    Lugonu [****..]
Gold:   331        SH:  0    Dex: 14    Spells: 9/9 levels left

rFire    . . .     SeeInvis .     - Unarmed
rCold    . . .     Gourm    .   (no shield)
rNeg     . . .     Faith    .   r - +0 plate armour
rPois    .         Spirit   +   (no helmet)
rElec    .         Reflect  .   (no cloak)
rCorr    .         Harm     .   (no gloves)
MR       +....                  i - +0 pair of boots
Stlth    ..........             v - amulet of regeneration
HPRegen  0.98/turn              (no ring)
MPRegen  0.15/turn              (no ring)

@: lethally poisoned (-3 -> -4)
A: fangs 3, regeneration 1, magic shield, antimagic bite, no potion heal 3, rot
immunity
a: Depart the Abyss, Bend Space, Banish, Corrupt, Renounce Religion


You were on level 8 of the Dungeon.
You worshipped Lugonu.
Lugonu was greatly pleased with you.
You were not hungry.

You visited 1 branch of the dungeon, and saw 8 of its levels.
You visited the Abyss 1 time.

You collected 331 gold pieces.

Inventory:

Missiles
 c - 26 poisoned darts (quivered)
Armour
 i - a +0 pair of boots (worn)
 r - a +0 plate armour (worn)
Jewellery
 n - an uncursed amulet of rage
 p - an uncursed ring of ice
 v - an amulet of regeneration (around neck)
 y - an uncursed ring of poison resistance
Wands
 d - a wand of scattershot (6)
 q - a wand of flame (16)
 w - a wand of clouds (5)
Scrolls
 e - 4 scrolls of amnesia
 g - a scroll of vulnerability {unknown}
 h - a scroll of torment {unknown}
 j - 2 scrolls of random uselessness {unknown}
 l - 4 scrolls of teleportation
 m - 7 scrolls of remove curse
 t - a scroll of enchant weapon {unknown}
 z - a scroll of silence {unknown}
 A - a scroll of magic mapping {unknown}
Potions
 f - 5 potions of curing
 k - a potion of magic
 o - a potion of degeneration {unknown}
 s - 2 potions of brilliance
 u - a potion of haste {unknown}
 x - a potion of resistance
Comestibles
 a - 2 chunks of flesh
 b - 15 rations


   Skills:
 + Level 7.2 Fighting
 + Level 2.3 Armour
 - Level 0.7 Dodging
 * Level 10.5 Unarmed Combat
 + Level 7.4 Invocations


You had 9 spell levels left.
You didn't know any spells.
Your spell library contained the following spells:

 Spells                   Type           Power        Failure   Level  Hunger
 Animate Skeleton         Necr           N/A          100%        1    ##.....
 Apportation              Tloc           #.....       100%        1    ##.....
 Corona                   Hex            #......      100%        1    ##.....
 Summon Small Mammal      Summ           #...         100%        1    ##.....


Dungeon Overview and Level Annotations

Branches:
Dungeon (8/15)             Temple (0/1) D:5
   Lair: D:8-11

Altars:
Cheibriados
Dithmenos
Elyvilon
Fedhas
Gozag
Nemelex Xobeh
Okawaru
Qazlal
Ru
Trog
Vehumet

Portals:
Abyss: D:3

Annotations:
D:2 Sigmund
D:3 2 transporters, Subbak's ghost, amateur OgSk
Abyss:1 Maggie


Innate Abilities, Weirdness & Mutations

You have razor-sharp teeth.
Your natural rate of healing is unusually fast.
When hurt, damage is shared between your health and your magic reserves.
Your bite disrupts and absorbs the magic of your enemies.
Potions cannot restore your health.
You are immune to rotting.


Message History

Your bite misses the killer bee.
The killer bee is almost dead.
You feel sick. The killer bee stings you.
* * * LOW HITPOINT WARNING * * *
The killer bee stings you.
You hit the killer bee.
You kill the killer bee!
Lugonu accepts your kill.
You feel sick.
The orc wizard gestures wildly while chanting.
The orc wizard seems to speed up.
You feel sick.
The orc wizard points at you and mumbles some strange words.
The magic dart hits you.
* * * LOW HITPOINT WARNING * * *
You feel sick.
You feel sick. The orc wizard casts a spell at you. The magic dart hits you!
You die...

##.#####.....# #.#.#
...##........# #.#.#
..###.##.##..##### ##.#.#
...##.#...#..#[.o# ###....#
....)..._.÷..y.#†# #.....##
#.##..#...#.####o# #.#...#
#.##..##.##.# #.# #.##.##
#.##........# #.# #.##.#
#.##.....#######@## #.##.#
#.######.#####....########.##.#
... ..............(........###
..# ####.#####.##.######.#.....
.# #...........##.### #
####>#########.# #.# #.# #.#
#.# #.# #.#


You could see an orc priest and an orc wizard.

Vanquished Creatures
  Prince Ribbit (D:6)
  A hippogriff (D:7)
  A hungry ghost (D:8)
  A water moccasin (D:5)
  2 sky beasts
  An ice beast (D:5)
  An orc warrior (D:6)
  A phantom (D:7)
  A black bear (D:6)
  6 ogres
  A necrophage (D:8)
  3 centaurs
  A big kobold (D:8)
  3 bullfrogs
  A scorpion (D:7)
  10 killer bees
  3 wights (D:6)
  2 howler monkeys (D:7)
  A hound (D:5)
  2 orc priests
  2 centaur skeletons
  2 jellies
  4 bullfrog skeletons
  5 orc wizards
  3 iguanas
  3 worker ants
  A hound zombie (D:8)
  A worker ant zombie (D:8)
  4 gnolls (D:5)
  6 adders
  2 shadow imps (D:7)
  4 oozes
  An adder skeleton (D:8)
  A worm (D:4)
  4 dart slugs (D:1)
  6 leopard geckos
  22 orcs
  A ball python (D:3)
  6 bats
  4 giant cockroaches
  4 goblins
  7 hobgoblins
  3 jackals (D:4)
  6 quokkas
  18 frilled lizards
  9 kobolds
  A leopard gecko skeleton (D:7)
  4 rats
177 creatures vanquished.

Vanquished Creatures (others)
  A two-headed ogre (D:8)
  An ooze (D:4)
2 creatures vanquished.

Grand Total: 179 creatures vanquished

Notes
Turn   | Place    | Note
-------+----------+-------------------------------------------
     0 | Abyss:1  | sking99 the Vine Stalker Abyssal Knight began the quest for
                  | the Orb.
     0 | Abyss:1  | Reached XP level 1. HP: 11/11 MP: 3/3
     7 | D:1      | Escaped the Abyss
   162 | D:1      | Reached XP level 2. HP: 7/16 MP: 4/4
   729 | D:1      | Reached XP level 3. HP: 20/20 MP: 5/5
   901 | D:1      | Reached skill level 3 in Unarmed Combat
  1171 | D:2      | Reached ** piety under Lugonu
  1575 | D:2      | Gained mutation: Your natural rate of healing is unusually
                  | fast. [Vine Stalker growth]
  1575 | D:2      | Reached XP level 4. HP: 24/24 MP: 6/6
  1783 | D:2      | Noticed Sigmund
  2437 | D:3      | Found a transporter.
  2448 | D:3      | Noticed Subbak's ghost (amateur OgSk)
  2506 | D:3      | Found a transporter.
  2521 | D:3      | Found a one-way gate to the infinite horrors of the Abyss.
  2542 | D:3      | Noticed an ogre
  2574 | D:3      | Killed an ogre
  2574 | D:3      | Reached skill level 4 in Unarmed Combat
  2574 | D:3      | Reached XP level 5. HP: 26/28 MP: 8/8
  2737 | D:4      | Reached XP level 6. HP: 23/33 MP: 5/9
  3167 | D:4      | Reached skill level 5 in Unarmed Combat
  3340 | D:4      | Found a radiant altar of Vehumet.
  3645 | D:5      | Entered Level 5 of the Dungeon
  3780 | D:5      | Reached XP level 7. HP: 32/37 MP: 7/10
  4009 | D:5      | Reached *** piety under Lugonu
  4106 | D:5      | Reached skill level 6 in Unarmed Combat
  4158 | D:5      | Found a blossoming altar of Fedhas.
  4495 | D:5      | Gained mutation: You have razor-sharp teeth. [Vine Stalker
                  | growth]
  4495 | D:5      | Reached XP level 8. HP: 40/42 MP: 8/12
  4569 | D:5      | Found a staircase to the Ecumenical Temple.
  4660 | D:6      | Noticed Prince Ribbit
  4675 | D:6      | Killed Prince Ribbit
  4675 | D:6      | Reached skill level 5 in Fighting
  4675 | D:6      | Reached skill level 7 in Unarmed Combat
  4675 | D:6      | Reached skill level 5 in Invocations
  5324 | D:6      | Reached skill level 8 in Unarmed Combat
  5430 | D:6      | Found a sparkling altar of Nemelex Xobeh.
  5434 | D:6      | Found a snail-covered altar of Cheibriados.
  5437 | D:6      | Found an opulent altar of Gozag.
  5438 | D:6      | Found a white marble altar of Elyvilon.
  5439 | D:6      | Found a sacrificial altar of Ru.
  5439 | D:6      | Found a stormy altar of Qazlal.
  5442 | D:6      | Found an iron altar of Okawaru.
  5443 | D:6      | Found a shadowy altar of Dithmenos.
  5626 | D:7      | Reached XP level 9. HP: 46/48 MP: 14/14
  5985 | D:7      | Noticed Maggie
  5988 | D:7      | Banished Maggie
  5988 | D:7      | Reached skill level 9 in Unarmed Combat
  6525 | D:8      | Reached **** piety under Lugonu
  6537 | D:8      | Reached XP level 10. HP: 45/53 MP: 13/16
  6583 | D:8      | Reached skill level 10 in Unarmed Combat
  6866 | D:8      | Found a bloodstained altar of Trog.
  6871 | D:8      | Noticed a two-headed ogre
  6878 | D:8      | Banished a two-headed ogre
  6984 | D:8      | Killed from afar by an orc wizard

Levels and vault maps discovered:
D:1:      dpeg_arrival_simpleton_a, layout_rooms, hangedman_abyss_or_decor_stabs
D:2:      layout_basic, serial_glass, glass_columns_c, glass_columns_c,
          minmay_lizard_king, uniq_sigmund
D:3:      layout_loops_ring, gammafunk_ghost_abyssal_escape, first_ration,
          nrook_loot_triangle
D:4:      layout_gridville, fiery_altar_vehumet,
          minmay_a_box_with_orc_wizards_in_it
D:5:      layout_loops_cross, lemuel_doored_altar, temple_hall,
          minmay_strange_pillars
D:6:      layout_gridville, minitemple, uniq_prince_ribbit1
D:7:      layout_basic, hangedman_decor_lopped, uniq_maggie
D:8:      layout_loops_ring, nicolae_overflow_crystal_walls

Skill      XL: |  1  2  3  4  5  6  7  8  9 10 |
---------------+-------------------------------+-----
Invocations    | 2 3 4 5 7 |  7.4
Fighting       | 3 4 5 6 7 |  7.2
Unarmed Combat | 3 4 5 6 8 9 10 | 10.5
Armour         | 2 |  2.3
Dodging        | |  0.7

Action                   |  1- 3 |  4- 6 |  7- 9 | 10-12 || total
-------------------------+-------+-------+-------+-------++-------
Melee: Unarmed           |   128 |   144 |   359 |    93 ||   724
       Bite              |    31 |    39 |   108 |    23 ||   201
       Punch             |     1 |     3 |    15 |       ||    19
Invok: Banish            |       |       |     1 |     2 ||     3
 Abil: Evoke Berserk Rag |       |     2 |       |       ||     2
  Use: Scroll            |       |     7 |     2 |       ||     9
 Stab: Sleeping          |       |     1 |       |       ||     1
  Eat: Chunk             |     2 |     9 |     9 |     5 ||    25
Armor: Leather armour    |    32 |    14 |       |       ||    46
       Plate armour      |       |    17 |   200 |    59 ||   276
       Ring mail         |       |     9 |       |       ||     9
Dodge: Dodged            |    58 |    57 |    90 |    25 ||   230

Table legend:
 A = Non-vault XP
 B = Vault XP
 C = Vault XP percentage of total XP
 D = Non-vault monster count
 E = Vault monster count
 F = Vault count percentage of total count
                 A         B        C        D         E       F
            +---------+---------+-------+---------+---------+-------
      Total |    5573 |     515 |   8.5 |     165 |      14 |   7.8
            +---------+---------+-------+---------+---------+-------
        D:1 |      51 |       0 |   0.0 |      23 |       0 |   0.0
        D:2 |      29 |      13 |  31.0 |      15 |      11 |  42.3
        D:3 |     191 |       0 |   0.0 |      13 |       0 |   0.0
        D:4 |     245 |      39 |  13.7 |      12 |       1 |   7.7
        D:5 |     756 |       0 |   0.0 |      23 |       0 |   0.0
        D:6 |     707 |     264 |  27.2 |      16 |       1 |   5.9
        D:7 |    1687 |     199 |  10.6 |      30 |       1 |   3.2
        D:8 |    1907 |       0 |   0.0 |      33 |       0 |   0.0
            +---------+---------+-------+---------+---------+-------
